Map: Línea Aguablanca EE

Players

DrDiablo - Winner!

  • Race: Terran Terran
  • League: Gold
  • Spawn Location: 7:00

pixi - Winner!

  • Race: Protoss Protoss
  • Spawn Location: 6:00

RonTron - Winner!

  • Race: Protoss Protoss
  • Spawn Location: 7:00

MrFercho

  • Race: Zerg Zerg
  • League: Silver
  • Spawn Location: 1:00

tigro

  • Race: Terran Terran
  • League: Bronze
  • Spawn Location: 12:00

TATORREA

  • Race: Protoss Protoss
  • League: Silver
  • Spawn Location: 1:00

VOD

Have the link to the VOD?

Description

Time

  • Played on: June 6, 2020, 8:53 p.m.
  • Length: 15:54
Show
View Real Time Build Order
Export as new Build Order

DrDiablo Terran - Winner!

Build Orders: 2 Factory, Mech 

Get SALT Encoding   

  12  0:02  SCV  
  13  0:16  Supply Depot  
  13  0:17  SCV  
  14  0:29  SCV  
  15  0:40  Barracks  
  16  0:42  SCV  
  16  0:53  Refinery  
  16  0:54  SCV  
  17  0:58  Refinery  
  17  1:07  SCV  
  18  1:19  SCV  
  19  1:31  SCV  
  20  1:33  Barracks Reactor  
  20  1:43  SCV  
  21  1:55  SCV  
  21  2:00  Factory  
  22  2:06  Supply Depot  
  23  2:10  Orbital Command  
  23  2:12  Reaper  
  23  2:28  Reaper  
  24  2:44  Reaper  
  25  2:48  SCV  
  26  2:51  Factory Tech Lab  
  26  3:00  Command Center, Reaper  
  27  3:09  Factory  
  27  3:22  Supply Depot  
  27  3:29  Siege Tank  
  30  3:46  SCV  
  31  3:51  Starport  
  31  4:04  Siege Tank  
  34  4:10  Engineering Bay, SCV  
  35  4:20  Hellion  
  35  4:21  Hellion  
  39  4:26  Supply Depot  
  39  4:45  SCV  
  40  4:47  Siege Tank  
  43  4:54  Hellion x2  
  43  4:56  Starport Tech Lab  
  48  5:03  Orbital Command  
  47  5:07  Refinery  
  47  5:10  Refinery  
  49  5:22  Widow Mine x2  
  49  5:24  Siege Tank  
  49  5:27  Banshee  
  57  5:36  Cloaking Field  
  57  5:43  SCV  
  58  5:54  Infernal Pre-Igniter  
  58  5:56  SCV  
  59  5:59  Armory  
  59  6:18  Hellion x2  
  59  6:22  Siege Tank  
  62  6:50  Armory  
  62  7:03  Supply Depot, Factory  
  62  7:09  Banshee, SCV x2  
  67  7:17  Hellion  
  67  7:21  SCV  
  70  7:24  Hellion  
  70  7:25  Siege Tank  
  75  7:33  SCV  
  76  7:37  Terran Vehicle Weapons Level 1  
  76  7:45  SCV  
  77  7:57  SCV  
  78  8:00  Supply Depot  
  78  8:12  Factory Tech Lab  
  78  8:19  Factory  
  78  8:21  Hellion x2, SCV  
  78  8:22  Supply Depot  
  83  8:28  Thor  
  83  8:33  SCV  
  76  8:43  Hellion x2  
  76  8:44  Supply Depot  
  76  8:45  SCV  
  77  9:00  Thor  
  83  9:06  Factory Tech Lab  
  83  9:11  Thor  
  83  9:14  SCV  
  90  9:25  Hellion x2  
  90  9:26  Thor, SCV  
  101  9:39  Starport  
  101  9:46  Supply Depot  
  101  9:51  Thor, Banshee  
  110  10:08  SCV  
  110  10:09  Supply Depot  
  111  10:19  Thor  
  111  10:20  SCV  
  116  10:30  Thor  
  116  10:32  Supply Depot  
  97  11:21  Thor  
  97  11:22  Thor x2  
  115  11:32  Starport Reactor  
  115  11:38  Starport Reactor  
  115  11:44  SCV  
  116  11:56  SCV  
  119  12:01  Hellion x2  
  119  12:04  Siege Tank  
  124  12:23  Terran Vehicle Weapons Level 2  
  124  12:25  Terran Vehicle And Ship Armor Level 1  
  124  12:43  SCV  
  125  12:51  Viking  
  125  12:52  Viking x3  
  125  12:55  SCV  
  134  13:04  Command Center  
  134  13:05  Supply Depot  
  139  13:27  Supply Depot, Hellion x2, SCV  
  141  13:48  Hellion  
  141  13:49  Hellion  
  136  14:10  Hellion  
  136  14:11  Hellion  
  130  14:20  Thor x2  
  138  14:31  Hellion  
  138  15:03  Thor  
Show
View Real Time Build Order
Export as new Build Order

pixi Protoss - Winner!

Build Orders:  

Get SALT Encoding   

  12  0:02  Probe (Chrono Boost)  
  13  0:13  Probe (Chrono Boost)  
  14  0:30  Pylon  
  14  0:31  Probe  
  14  0:32  Pylon  
  15  0:56  Gateway  
  15  0:57  Gateway  
  15  1:07  Forge  
  15  1:12  Assimilator  
  15  1:16  Probe (Chrono Boost)  
  16  1:42  Probe  
  17  1:53  Photon Cannon  
  17  1:54  Photon Cannon, Probe  
  18  1:56  Cybernetics Core  
  18  2:06  Probe  
  18  2:08  Gateway  
  19  2:24  Pylon  
  19  2:25  Zealot  
  19  2:26  Zealot  
  23  2:38  Probe (Chrono Boost)  
  24  2:44  Assimilator  
  24  2:47  Probe (Chrono Boost)  
  25  2:55  Photon Cannon  
  25  3:00  Pylon  
  25  3:06  Gateway  
  25  3:17  Zealot  
  27  3:26  Twilight Council  
  27  3:34  Probe (Chrono Boost)  
  28  3:59  Pylon  
  28  4:01  Pylon  
  28  4:14  Nexus  
  28  4:18  Assimilator  
  28  4:22  Assimilator  
  28  4:26  Zealot  
  28  4:27  Sentry x2  
  34  4:31  Warp Gate  
  34  4:36  Probe (Chrono Boost)  
  35  4:52  Photon Cannon  
  35  4:57  Photon Cannon  
  35  5:07  Photon Cannon  
  35  5:20  Probe (Chrono Boost)  
  36  5:26  Sentry  
  40  5:30  Probe (Chrono Boost)  
  40  5:35  Probe (Chrono Boost)  
  43  5:38  Zealot  
  44  5:45  Adept  
  44  5:46  Probe  
  45  5:55  Zealot  
  47  6:04  Charge  
  45  6:15  Adept  
  45  6:18  Photon Cannon  
  45  6:29  Probe (Chrono Boost)  
  47  6:40  Probe (Chrono Boost)  
  47  6:45  Adept  
  50  6:47  Probe (Chrono Boost)  
  50  6:52  Probe  
  50  6:57  Dark Shrine  
  50  7:00  Gateway  
  51  7:05  Probe  
  51  7:08  Pylon  
  52  7:10  Pylon  
  52  7:17  Probe  
  53  7:30  Stalker x2  
  53  7:32  Stalker  
  53  7:35  Stalker  
  61  7:45  Probe (Chrono Boost)  
  62  7:56  Probe (Chrono Boost)  
  63  7:59  Stargate  
  63  8:01  Probe (Chrono Boost), Stargate  
  63  8:03  Stargate  
  64  8:09  Stargate  
  64  8:11  Probe  
  65  8:23  Probe  
  63  8:35  Probe  
  62  8:47  Probe  
  45  8:59  Probe  
  43  9:12  Void Ray x4  
  59  9:31  Pylon  
  59  9:33  Pylon  
  59  9:36  Pylon  
  59  9:41  Dark Templar  
  59  9:42  Dark Templar  
  63  10:31  Nexus  
  63  10:35  Pylon x2  
  63  10:36  Pylon  
  63  10:38  Assimilator  
  63  10:39  Assimilator  
  63  11:01  Void Ray  
  63  11:02  Void Ray x3  
  79  11:08  Dark Templar  
  81  11:12  Dark Templar  
  83  11:56  Void Ray x2  
  91  12:06  Dark Templar x2  
  91  12:07  Dark Templar  
  97  12:13  Probe  
  87  12:26  Probe  
  86  12:38  Probe  
  55  14:40  Void Ray  
  55  14:41  Void Ray x3  
  87  15:42  Zealot  
  88  15:43  Zealot x2  
  88  15:45  Zealot  
Show
View Real Time Build Order
Export as new Build Order

RonTron Protoss - Winner!

Build Orders:  

Get SALT Encoding   

  12  0:03  Probe  
  13  0:23  Pylon  
  13  0:27  Probe  
  13  0:28  Assimilator  
  14  0:43  Gateway  
  14  0:50  Assimilator, Probe  
  15  1:07  Forge  
  15  1:10  Probe  
  16  1:27  Probe  
  16  1:32  Zealot  
  19  1:40  Protoss Ground Armor Level 1 (Chrono Boost)  
  19  1:50  Gateway  
  19  1:51  Probe  
  20  2:09  Cybernetics Core  
  20  2:12  Probe  
  20  2:15  Zealot  
  23  2:43  Nexus  
  23  2:48  Pylon  
  23  3:06  Probe  
  23  3:10  Protoss Air Armor Level 1, Pylon  
  24  3:22  Stargate  
  24  3:43  Robotics Facility  
  24  3:52  Assimilator  
  24  3:59  Stargate  
  24  4:01  Probe  
  25  4:11  Phoenix  
  27  4:17  Probe  
  28  4:30  Probe, Zealot  
  31  4:42  Probe  
  31  4:43  Pylon  
  32  4:51  Probe  
  33  5:03  Probe  
  33  5:05  Phoenix  
  36  5:15  Probe  
  36  5:20  Assimilator  
  37  5:27  Probe  
  38  5:31  Observer  
  39  5:36  Phoenix  
  39  5:39  Probe  
  42  5:51  Probe  
  43  5:58  Fleet Beacon  
  43  6:03  Probe  
  44  6:07  Pylon  
  44  6:15  Probe  
  45  6:26  Pylon  
  45  6:28  Probe  
  45  6:30  Pylon  
  46  6:40  Stargate  
  46  6:44  Pylon  
  46  6:57  Stalker  
  46  7:00  Stalker  
  50  7:08  Probe  
  51  7:13  Nexus  
  51  7:17  Oracle  
  51  7:20  Probe  
  55  7:29  Tempest  
  55  7:32  Probe  
  61  7:37  Unknown  
  61  7:44  Probe  
  61  7:45  Probe  
  63  7:51  Pylon  
  63  7:52  Pylon  
  63  7:56  Pylon  
  63  8:05  Tempest  
  68  8:07  Probe  
  69  8:50  Tempest x3 (Chrono Boost)  
  76  9:05  Probe  
  77  9:13  Assimilator  
  77  9:17  Probe  
  78  9:29  Probe, Observer  
  80  9:36  Robotics Bay  
  80  9:42  Probe  
  81  9:50  Assimilator  
  81  9:54  Probe  
  81  9:59  Pylon x2  
  82  10:02  Pylon  
  82  10:06  Probe  
  83  10:18  Probe  
  70  10:30  Probe  
  61  10:39  Nexus  
  54  10:57  Carrier  
  54  11:01  Probe  
  55  11:13  Fleet Beacon, Probe  
  56  11:25  Probe  
  57  11:37  Probe  
  58  11:49  Probe  
  58  11:53  Forge  
  59  11:57  Cybernetics Core  
  59  12:20  Probe  
  60  12:29  Pylon  
  60  12:30  Pylon  
  60  12:32  Probe  
  60  12:34  Tempest (Chrono Boost)  
  60  12:35  Tempest (Chrono Boost)  
  60  12:36  Tempest (Chrono Boost)  
  77  12:44  Probe  
  77  12:56  Pylon, Probe  
  78  13:00  Robotics Facility  
  78  13:02  Robotics Facility  
  78  13:08  Probe  
  79  13:20  Probe  
  80  13:32  Probe  
  77  13:44  Probe  
  77  13:56  Probe  
  77  14:02  Assimilator  
  78  14:07  Assimilator  
  78  14:08  Probe  
  78  14:21  Probe  
  79  14:33  Probe  
  80  14:59  Probe  
  81  15:08  Pylon  
  81  15:09  Pylon  
  81  15:10  Pylon  
  81  15:11  Probe  
  81  15:12  Pylon  
  97  15:23  Probe  
  98  15:35  Probe  
  99  15:46  Cybernetics Core  
  100  15:51  Forge  
Show
View Real Time Build Order
Export as new Build Order

MrFercho Zerg 

Build Orders: Pool First 

Get SALT Encoding   

  12  0:03  Drone  
  13  0:17  Drone  
  14  0:34  Extractor x2, Drone  
  14  0:35  Drone  
  16  0:43  Spawning Pool  
  15  0:51  Extractor, Overlord  
  15  0:55  Overlord  
  14  1:12  Drone  
  14  1:15  Drone  
  16  1:28  Drone x2  
  18  1:49  Drone  
  19  1:56  Drone  
  20  2:02  Drone  
  20  2:04  Queen  
  23  2:11  Drone  
  24  2:15  Hatchery  
  24  2:16  Extractor  
  24  2:22  Drone  
  23  2:32  Drone  
  24  2:49  Drone  
  25  3:00  Metabolic Boost  
  25  3:02  Hatchery  
  25  3:04  Hatchery  
  24  3:05  Drone  
  24  3:06  Evolution Chamber  
  24  3:08  Drone  
  24  3:21  Drone x3  
  27  3:33  Zerg Melee Weapons Level 1  
  27  3:49  Baneling Nest  
  27  3:53  Drone x3  
  29  3:59  Overlord x2  
  29  4:08  Drone  
  29  4:09  Drone  
  32  4:10  Drone x2  
  32  4:11  Drone  
  32  4:15  Extractor  
  33  4:30  Lair  
  33  4:42  Zergling x2, Spine Crawler  
  33  4:43  Zergling x6  
  36  5:01  Zergling x2  
  36  5:02  Zergling x28  
  51  5:19  Zergling x10  
  56  5:27  Zerg Ground Armor Level 1  
  56  5:30  Queen  
  56  5:34  Extractor  
  57  5:38  Drone x2  
  59  5:46  Centrifical Hooks  
  36  6:21  Zergling x2  
  36  6:22  Zergling x22  
  48  6:44  Evolution Chamber  
  47  6:49  Zergling x2  
  47  6:50  Zergling x14  
  55  6:55  Baneling  
  55  6:56  Baneling x23  
  55  7:06  Zergling x18  
  64  7:16  Zerg Melee Weapons Level 2  
  64  7:48  Overlord x3  
  64  7:49  Overlord x2  
  64  7:50  Overlord  
  35  8:57  Zergling x16  
  35  8:58  Zergling x8  
  47  9:07  Nydus Network  
  47  9:08  Pneumatized Carapace  
  46  9:23  Zergling x2  
  46  9:24  Zergling x14  
  54  9:48  Zergling x2  
  54  9:49  Zergling x26  
  68  10:00  Nydus Canal  
  68  10:49  Zergling x10  
  77  10:50  Zergling x14  
  44  11:37  Nydus Canal  
  44  11:43  Overseer  
  44  11:51  Drone  
  44  11:52  Zergling x2  
  44  11:53  Zergling x20  
  46  12:35  Zerg Ground Armor Level 2  
  46  12:56  Roach Warren  
  45  12:59  Zergling x2  
  45  13:00  Zergling x22  
  57  13:10  Nydus Canal  
  56  13:38  Roach  
  56  13:39  Roach x11  
  56  14:31  Roach  
  56  14:32  Roach x11  
Show
View Real Time Build Order
Export as new Build Order

tigro Terran 

Build Orders:  

Get SALT Encoding   

  12  0:03  SCV  
  13  0:15  SCV  
  14  0:27  SCV  
  14  0:28  Supply Depot  
  15  0:35  Refinery  
  15  0:49  SCV  
  16  0:50  Refinery  
  16  0:56  Barracks  
  16  1:01  SCV  
  17  1:14  SCV  
  18  1:26  SCV  
  19  1:38  SCV  
  20  1:42  Supply Depot  
  20  1:48  Marine  
  20  1:50  SCV  
  22  2:02  SCV  
  22  2:05  Marine  
  24  2:11  Barracks  
  24  2:23  Marine  
  24  2:25  Engineering Bay, SCV  
  26  2:37  SCV  
  26  2:41  Marine  
  28  2:50  Orbital Command  
  28  2:53  Terran Infantry Weapons Level 1  
  28  2:59  Marine  
  28  3:01  Barracks Tech Lab  
  29  3:12  Factory  
  29  3:30  Barracks Tech Lab  
  29  3:34  Combat Shield  
  29  3:51  Stimpack  
  29  3:59  Command Center  
  29  4:13  Factory Tech Lab  
  29  4:25  Starport  
  28  4:47  Terran Infantry Armor Level 1  
  28  4:53  Concussive Shells  
  28  7:28  Marine  
  28  7:29  Marine  
  30  7:46  Marine  
  30  7:47  Marine  
  32  8:03  Armory  
  32  8:04  Marine x2  
  34  8:22  Marine x2  
  36  8:40  Marine x2  
Show
View Real Time Build Order
Export as new Build Order

TATORREA Protoss 

Build Orders:  

Get SALT Encoding   

  12  0:03  Probe  
  13  0:23  Probe (Chrono Boost)  
  13  0:27  Pylon  
  14  0:34  Probe (Chrono Boost)  
  15  0:44  Probe  
  15  0:45  Gateway  
  16  0:53  Gateway  
  16  0:57  Probe  
  17  1:04  Assimilator  
  17  1:09  Probe  
  18  1:21  Probe  
  19  1:34  Probe  
  20  1:45  Nexus  
  20  1:46  Probe  
  21  1:57  Cybernetics Core  
  21  2:05  Probe  
  22  2:13  Assimilator  
  22  2:18  Pylon, Probe  
  23  2:45  Probe  
  23  2:47  Warp Gate (Chrono Boost)  
  23  2:49  Stalker x2  
  28  2:57  Probe  
  29  3:02  Probe  
  30  3:10  Probe  
  31  3:13  Pylon  
  31  3:15  Pylon  
  31  3:20  Probe  
  32  3:32  Stalker x2  
  36  3:34  Probe x2  
  38  3:50  Forge  
  38  3:52  Twilight Council  
  38  3:53  Robotics Facility, Probe x2  
  40  4:05  Probe x2  
  42  4:20  Probe x2  
  44  4:32  Gateway  
  44  4:34  Gateway  
  44  4:36  Gateway  
  44  4:39  Gateway  
  44  4:47  Probe x2  
  46  5:03  Probe x2  
  46  5:06  Nexus  
  48  5:10  Pylon  
  48  5:13  Pylon  
  48  5:17  Pylon  
  48  5:19  Probe  
  48  5:20  Probe  
  48  5:21  Pylon  
  50  5:22  Stargate  
  50  5:26  Stargate  
  50  5:29  Protoss Ground Weapons Level 1, Robotics Bay  
  50  5:32  Charge  
  50  5:36  Stalker  
  50  5:37  Stalker x3  
  50  5:38  Assimilator  
  50  5:39  Zealot  
  50  5:41  Protoss Air Weapons Level 1  
  60  5:43  Assimilator  
  60  6:00  Stalker  
  62  6:04  Immortal  
  66  6:44  Immortal  
  70  6:48  Probe x2  
  70  6:51  Probe  
  73  6:55  Void Ray x2  
  81  7:03  Probe  
  81  7:07  Extended Thermal Lance  
  82  7:14  Zealot  
  82  7:15  Probe, Zealot x4  
  91  7:16  Zealot  
  95  7:23  Immortal  
  95  7:27  Probe  
  100  7:38  Protoss Ground Weapons Level 2  
  100  7:39  Probe  
  101  7:49  Protoss Air Armor Level 1, Probe x2  
  103  7:51  Probe  
  103  7:53  Zealot x2  
  108  8:01  Probe  
  108  8:04  Pylon  
  109  8:07  Pylon  
  109  8:10  Pylon  
  109  8:16  Pylon  
  109  8:20  Pylon  
  109  8:22  Probe x2  
  109  8:24  Void Ray, Pylon  
  109  8:25  Void Ray  
  109  8:27  Colossus, Pylon  
  69  9:06  Stalker  
  69  9:07  Stalker x4  
  69  9:08  Stalker  
  81  9:13  Void Ray x2  
  89  9:20  Blink  
  89  9:21  Colossus  
  95  9:27  Fleet Beacon  
  95  9:33  Probe x3  
  98  9:39  Assimilator  
  98  9:43  Assimilator  
  98  9:46  Probe  
  98  9:47  Probe x2  
  98  9:50  Pylon  
  98  9:52  Zealot x3  
  105  9:53  Pylon, Zealot x3  
  105  9:56  Void Ray x2  
  105  9:59  Pylon, Probe x3  
  124  10:03  Pylon  
  124  10:14  Colossus  
  98  10:40  Stalker x3  
  98  10:41  Stalker x3  
  96  10:47  Phoenix x2  
  100  10:57  Unknown  
  100  11:08  Colossus  
  106  11:37  Protoss Ground Weapons Level 3  
  106  11:38  Nexus  
  106  11:44  Void Ray x2  
  114  11:48  Zealot x2  
  114  11:49  Zealot x4  
  126  11:59  Protoss Air Weapons Level 2  
  78  12:33  Stalker x3  
  78  12:34  Stalker x3  
  78  12:37  Phoenix x2  
  94  12:55  Assimilator  
  81  13:00  Gateway, Assimilator  
  81  13:02  Gateway  
  81  13:03  Stalker  
  81  13:04  Stalker x2  
  81  13:05  Stalker x3  
  84  13:06  Gateway  
  84  13:07  Gateway  
  84  13:11  Gateway  
  84  13:14  Gateway  
  48  13:39  Stalker x3  
  48  13:40  Stalker x3  
  54  13:43  Phoenix x2  
  58  13:57  Stalker  
  58  13:59  Stalker  
  56  14:14  Zealot x2  
  56  14:15  Zealot x4  
  56  14:16  Zealot x4  
Tags
 
Add a new tag
Caveats
  • Supply blocks, unpowered buildings, or Contaminate may cause inaccurate times.
  • Supply counts are checked every 10 seconds.